AAA EAST
BUFFALO BISONS @ MEMPHIS REDBIRDS
06/06/2042
 
TOP OF THE 1ST
Buffalo Bisons batting - Pitching for Memphis Redbirds : LHP Mike Ferguson
Pitching: LHP Mike Ferguson
Batting: RHB António Ramos 0-0: Ball
1-0: Called Strike
1-1: Ground out 6-3 (Groundball, 6, EV 77.5 MPH)
Batting: RHB Jimmy Newton 0-0: Ball
1-0: Ball
2-0: Called Strike
2-1: Ball
3-1: Foul Ball, location: 5FF
3-2: Strikes out swinging
Batting: RHB Rubén Rivera 0-0: Ball
1-0: Called Strike
1-1: Ball
2-1: Foul Ball, location: 2F
2-2: Fly out, F3 (Popup, 3SF, EV 74.4 MPH)
Top of the 1st over - 0 runs, 0 hits, 0 errors, 0 left on base; Buffalo 0 - Memphis 0
BOTTOM OF THE 1ST
Memphis Redbirds batting - Pitching for Buffalo Bisons : RHP Joe Walkup
Pitching: RHP Joe Walkup
Batting: RHB António Valentín 0-0: Called Strike
0-1: Foul Ball, location: 2F
0-2: Foul Ball, location: 3F
0-2: Strikes out swinging
Batting: RHB Augusto Padilla 0-0: Ball
1-0: Ball
2-0: Called Strike
2-1: Ground out 5-3 (Groundball, 56S, EV 73.8 MPH)
Batting: LHB Sandy Briggs 0-0: Foul Ball, location: 2F
0-1: Fly out, F9 (Line Drive, 9, EV 88.1 MPH)
Bottom of the 1st over - 0 runs, 0 hits, 0 errors, 0 left on base; Buffalo 0 - Memphis 0
TOP OF THE 2ND
Buffalo Bisons batting - Pitching for Memphis Redbirds : LHP Mike Ferguson
Batting: RHB Steve Thomas 0-0: Ball
1-0: Ball
2-0: Foul Ball, location: 2F
2-1: Ball
3-1: Foul Ball, location: 23F
3-2: Strikes out swinging
Batting: RHB Ben Heap 0-0: Foul Ball, location: 9LMFF
0-1: Fly out, F3 (Popup, 34, EV 76.3 MPH)
Batting: RHB Pepe Martínez 0-0: Ball
1-0: Ball
2-0: Ball
3-0: Base on Balls
Batting: SHB Jim Harris 0-0: Ball
1-0: Called Strike
1-1: Swinging Strike
1-2: Strikes out swinging
Top of the 2nd over - 0 runs, 0 hits, 0 errors, 1 left on base; Buffalo 0 - Memphis 0
BOTTOM OF THE 2ND
Memphis Redbirds batting - Pitching for Buffalo Bisons : RHP Joe Walkup
Batting: RHB Robbie Mayes 0-0: Called Strike
0-1: Fly out, F7 (Flyball, 78M, EV 88.1 MPH)
Batting: LHB Raúl Soto 0-0: Ball
1-0: Foul Ball, location: 3FF
1-1: Fly out, F8 (Flyball, 8RM, EV 95.0 MPH)
Batting: RHB Donnie Fields 0-0: Swinging Strike
0-1: Ball
1-1: Ball
2-1: Ground out 6-3 (Groundball, 6, EV 85.0 MPH)
Bottom of the 2nd over - 0 runs, 0 hits, 0 errors, 0 left on base; Buffalo 0 - Memphis 0
TOP OF THE 3RD
Buffalo Bisons batting - Pitching for Memphis Redbirds : LHP Mike Ferguson
Batting: LHB José Gonzáles 0-0: Ball
1-0: Ground out 4-3 (Groundball, 4, EV 90.6 MPH)
Batting: RHB Juan Sosa 0-0: Ball
1-0: SINGLE (Flyball, 56D, EV 91.9 MPH)
Batting: RHB António Ramos 0-0: Ball
1-0: Ball
2-0: Called Strike
2-1: Grounds into double play, 5-4-3 (Groundball, 56S, EV 93.8 MPH)
Top of the 3rd over - 0 runs, 1 hit, 0 errors, 0 left on base; Buffalo 0 - Memphis 0
BOTTOM OF THE 3RD
Memphis Redbirds batting - Pitching for Buffalo Bisons : RHP Joe Walkup
Batting: SHB Terry Underhill 0-0: Ball
1-0: Swinging Strike
1-1: SINGLE (Line Drive, 6D, EV 100.6 MPH)
Batting: LHB Juan García 0-0: Swinging Strike
0-1: Swinging Strike
0-2: Strikes out looking
Batting: RHB Raúl Mora 0-0: Ball
1-0: Foul Ball, location: 23F
1-1: Called Strike
1-2: SINGLE (Groundball, 5D, EV 103.8 MPH)
Terry Underhill to second
Batting: RHB António Valentín 0-0: Called Strike
0-1: Ground out 6-3 (Groundball, 6MD, EV 99.4 MPH)
Terry Underhill to third
Raúl Mora to second
Batting: RHB Augusto Padilla 0-0: Called Strike
0-1: Fly out, F7 (Flyball, 7, EV 99.4 MPH)
Bottom of the 3rd over - 0 runs, 2 hits, 0 errors, 2 left on base; Buffalo 0 - Memphis 0
TOP OF THE 4TH
Buffalo Bisons batting - Pitching for Memphis Redbirds : LHP Mike Ferguson
Batting: RHB Jimmy Newton 0-0: Ball
1-0: DOUBLE (Flyball, 8RXD, EV 97.5 MPH)
Batting: RHB Rubén Rivera 0-0: Ball
1-0: Foul Ball, location: 23F
1-1: Foul Ball, location: 3F
1-2: Strikes out swinging
Batting: RHB Steve Thomas 0-0: Ball
1-0: Called Strike
1-1: Ground out 1-3 (Groundball, 34S, EV 68.1 MPH)
Batting: RHB Ben Heap 0-0: Ball
1-0: Ball
2-0: Ball
3-0: Called Strike
3-1: Base on Balls
Batting: RHB Pepe Martínez 0-0: Called Strike
0-1: Ball
1-1: Called Strike
1-2: Fly out, F8 (Flyball, 78XD, EV 111.3 MPH)
Top of the 4th over - 0 runs, 1 hit, 0 errors, 2 left on base; Buffalo 0 - Memphis 0
BOTTOM OF THE 4TH
Memphis Redbirds batting - Pitching for Buffalo Bisons : RHP Joe Walkup
Batting: LHB Sandy Briggs 0-0: Ball
1-0: Ball
2-0: Ball
3-0: Base on Balls
Batting: RHB Robbie Mayes 0-0: Ball
1-0: Called Strike
1-1: Ball
2-1: Foul Ball, location: 25F
2-2: Foul Ball, location: 2F
2-2: Fly out, F9 (Flyball, 9LS, EV 85.0 MPH)
Batting: LHB Raúl Soto 0-0: 2-RUN HOME RUN (Flyball, 8RXD, EV 110.6 MPH), Distance : 437 ft
Batting: RHB Donnie Fields 0-0: Called Strike
0-1: Ball
1-1: Called Strike
1-2: Fly out, F9 (Line Drive, 9, EV 85.6 MPH)
Batting: SHB Terry Underhill 0-0: Called Strike
0-1: Fly out, F8 (Flyball, 8LXD, EV 110.6 MPH)
Bottom of the 4th over - 2 runs, 1 hit, 0 errors, 0 left on base; Buffalo 0 - Memphis 2
TOP OF THE 5TH
Buffalo Bisons batting - Pitching for Memphis Redbirds : LHP Mike Ferguson
Batting: SHB Jim Harris 0-0: Called Strike
0-1: Called Strike
0-2: Ball
1-2: SINGLE (Flyball, 8RS, EV 95.6 MPH)
Batting: LHB José Gonzáles 0-0: Sac Bunt to 13 - play at first, batter OUT! 1-3
Jim Harris to second
Batting: RHB Juan Sosa 0-0: Called Strike
0-1: Foul Ball, location: 2F
0-2: Fly out, F9 (Flyball, 9LMF, EV 95.0 MPH)
Batting: RHB António Ramos 0-0: Fly out, F6 (Line Drive, 6, EV 65.6 MPH)
Top of the 5th over - 0 runs, 1 hit, 0 errors, 1 left on base; Buffalo 0 - Memphis 2
BOTTOM OF THE 5TH
Memphis Redbirds batting - Pitching for Buffalo Bisons : RHP Joe Walkup
Batting: LHB Juan García 0-0: Foul Ball, location: 3FF
0-1: Foul Ball, location: 3FF
0-2: SINGLE (Line Drive, 8RS, EV 96.9 MPH)
Batting: RHB Raúl Mora 0-0: Sac Bunt to 15S - play at first, batter OUT! 1-3
Juan García to second
Batting: RHB António Valentín 0-0: Ball
1-0: Ball
2-0: Hit by Pitch
Batting: RHB Augusto Padilla 0-0: Called Strike
0-1: Foul Ball, location: 2F
0-2: Strikes out looking
Batting: LHB Sandy Briggs 0-0: Fly out, F5 (Popup, 5S, EV 81.9 MPH)
Bottom of the 5th over - 0 runs, 1 hit, 0 errors, 2 left on base; Buffalo 0 - Memphis 2
TOP OF THE 6TH
Buffalo Bisons batting - Pitching for Memphis Redbirds : LHP Mike Ferguson
Batting: RHB Jimmy Newton 0-0: Ball
1-0: Foul Ball, location: 2F
1-1: Ball
2-1: Fly out, F9 (Flyball, 9, EV 90.6 MPH)
Batting: RHB Rubén Rivera 0-0: Ground out 4-3 (Groundball, 4, EV 98.8 MPH)
Batting: RHB Steve Thomas 0-0: Fly out, F9 (Flyball, 89M, EV 92.5 MPH)
Top of the 6th over - 0 runs, 0 hits, 0 errors, 0 left on base; Buffalo 0 - Memphis 2
BOTTOM OF THE 6TH
Memphis Redbirds batting - Pitching for Buffalo Bisons : RHP Joe Walkup
Batting: RHB Robbie Mayes 0-0: Ball
1-0: Ground out 2-3 (Groundball, 13S, EV 73.1 MPH)
Batting: LHB Raúl Soto 0-0: Ball
1-0: Ball
2-0: Called Strike
2-1: Called Strike
2-2: Foul Ball, location: 2F
2-2: Ball
3-2: Base on Balls
Batting: RHB Donnie Fields 0-0: Called Strike
Raúl Soto is caught stealing 2nd base 2-4
0-1: Ball
1-1: DOUBLE (Line Drive, 3D, EV 96.9 MPH)
Batting: SHB Terry Underhill 0-0: Called Strike
0-1: Called Strike
0-2: Ball
1-2: Ground out 4-3 (Groundball, 4, EV 85.0 MPH)
Bottom of the 6th over - 0 runs, 1 hit, 0 errors, 1 left on base; Buffalo 0 - Memphis 2
TOP OF THE 7TH
Buffalo Bisons batting - Pitching for Memphis Redbirds : LHP Mike Ferguson
Batting: RHB Ben Heap 0-0: Ball
1-0: Ball
2-0: Called Strike
2-1: Ball
3-1: Foul Ball, location: 23F
3-2: Ground out 5-3 (Groundball, 56S, EV 83.1 MPH)
Batting: RHB Pepe Martínez 0-0: Foul Ball, location: 5DF
0-1: Foul Ball, location: 3FF
0-2: Foul Ball, location: 2F
0-2: Ball
1-2: Strikes out swinging, 2-3 out at first.
Batting: SHB Jim Harris 0-0: Ball
1-0: Called Strike
1-1: Foul Ball, location: 5F
1-2: Foul Ball, location: 2F
1-2: Strikes out swinging
Top of the 7th over - 0 runs, 0 hits, 0 errors, 0 left on base; Buffalo 0 - Memphis 2
BOTTOM OF THE 7TH
Memphis Redbirds batting - Pitching for Buffalo Bisons : RHP Joe Walkup
Batting: LHB Juan García 0-0: Ball
1-0: Ball
2-0: Ground out U3 (Groundball, 3, EV 84.4 MPH)
Batting: RHB Raúl Mora 0-0: SINGLE (Groundball, 56D, EV 104.4 MPH)
Batting: RHB António Valentín 0-0: Called Strike
0-1: Grounds into double play, 4-6-3 (Groundball, 4, EV 80.0 MPH)
Bottom of the 7th over - 0 runs, 1 hit, 0 errors, 0 left on base; Buffalo 0 - Memphis 2
TOP OF THE 8TH
Buffalo Bisons batting - Pitching for Memphis Redbirds : LHP Mike Ferguson
Batting: LHB José Gonzáles 0-0: Ball
1-0: Foul Ball, location: 2F
1-1: Foul Ball, location: 5F
1-2: Ball
2-2: SINGLE (Groundball, 6S, EV 76.9 MPH) (infield hit)
Batting: RHB Juan Sosa 0-0: Called Strike
0-1: Foul Ball, location: 2F
0-2: Ball
1-2: Ground out 5-3 (Groundball, 56, EV 107.5 MPH)
José Gonzáles to second
Pitching: RHP Juan López
Pinch Hitting: LHB Jody Grant 0-0: Ball
1-0: Ball
2-0: Ball
3-0: Base on Balls
Batting: RHB Jimmy Newton 0-0: Swinging Strike
0-1: Called Strike
0-2: Strikes out swinging
Batting: RHB Rubén Rivera 0-0: Foul Ball, location: 2F
0-1: Foul Ball, location: 2F
0-2: Ball
1-2: Ball
2-2: Strikes out swinging
Top of the 8th over - 0 runs, 1 hit, 0 errors, 2 left on base; Buffalo 0 - Memphis 2
BOTTOM OF THE 8TH
Memphis Redbirds batting - Pitching for Buffalo Bisons : RHP Joe Walkup
Now in LF: Steve Thomas
Now in CF: Jim Harris
Now in RF: Jody Grant
Batting: RHB Augusto Padilla 0-0: Ball
1-0: Ball
2-0: Ball
3-0: Called Strike
3-1: Called Strike
3-2: SINGLE (Line Drive, 34D, EV 101.9 MPH)
Batting: LHB Sandy Briggs 0-0: Called Strike
0-1: Ball
1-1: Ball
2-1: SINGLE (Groundball, 34D, EV 101.3 MPH)
Augusto Padilla to second
Runner from 2nd tries for 3rd, SAFE, no throw by RF
Batting: RHB Robbie Mayes 0-0: Ball
1-0: Ball
2-0: Foul Ball, location: 3F
2-1: Foul Ball, location: 2F
2-2: Ball
3-2: Fly out, F9 (Flyball, 89S, EV 90.6 MPH)
Pitching: RHP Stan Patterson
Batting: LHB Raúl Soto 0-0: Ball
1-0: Foul Ball, location: 23FF
1-1: Ball
2-1: Called Strike
2-2: Strikes out swinging
Batting: RHB Donnie Fields 0-0: Fly out, F8 (Flyball, 8LM, EV 90.6 MPH)
Bottom of the 8th over - 0 runs, 2 hits, 0 errors, 2 left on base; Buffalo 0 - Memphis 2
TOP OF THE 9TH
Buffalo Bisons batting - Pitching for Memphis Redbirds : RHP Juan López
Pitching: RHP Steve MacKinney
Batting: RHB Steve Thomas 0-0: Ball
1-0: Ball
2-0: SINGLE (Line Drive, 3D, EV 100.6 MPH)
Batting: RHB Ben Heap 0-0: Foul Ball, location: 9LMF
0-1: Ball
1-1: Fly out, F7 (Flyball, 78M, EV 96.3 MPH)
Batting: RHB Pepe Martínez 0-0: Ball
1-0: Ball
2-0: Ball
3-0: Called Strike
3-1: Fly out, F8 (Flyball, 8LXD, EV 101.9 MPH)
Batting: SHB Jim Harris 0-0: DOUBLE (Line Drive, 5D, EV 98.1 MPH)
Steve Thomas to third
Batting: LHB José Gonzáles 0-0: Foul Ball, location: 2F
0-1: Ball
1-1: Ball
2-1: Ball
3-1: Swinging Strike
3-2: Base on Balls
Pinch Hitting: RHB Bob Crousse 0-0: Ball
1-0: Foul Ball, location: 2F
1-1: Ball
2-1: Fielders Choice at 2nd, 5-4 (Groundball, 56, EV 101.9 MPH)
Top of the 9th over - 0 runs, 2 hits, 0 errors, 3 left on base; Buffalo 0 - Memphis 2
Friday, May 3rd , 2024 - OOTP Baseball 24.10 Build 82